 Dungeon Crawl Stone Soup version 0.25.1-2-g60ff931df9 (webtiles) character file.

Game seed: 3041830096613186812

3304 moonlapse the Fighter (level 9, -4/96 HPs)
             Began as a Yellow Draconian Assassin on Oct 31, 2020.
             Was a Follower of Okawaru.
             Slain by a two-headed ogre
             ... wielding a +0 giant club
              (20 damage)
             ... on level 7 of the Dungeon.
             The game lasted 00:13:33 (10635 turns).

moonlapse the Fighter (Yellow Draconian Assassin)  Turns: 10635, Time: 00:13:34

Health: -4/96      AC:  8    Str: 15    XL:     9   Next: 70%
Magic:  9/9        EV: 11    Int: 14    God:    Okawaru [*.....]
Gold:   628        SH:  0    Dex: 12    Spells: 8/8 levels left

rFire    . . .     SeeInvis .   s - +3 quarterstaff (chaos)
rCold    . . .     Gourm    .   (shield currently unavailable)
rNeg     . . .     Faith    .   (armour unavailable)
rPois    .         Spirit   .   (helmet restricted)
rElec    .         Reflect  .   b - +0 cloak
rCorr    +         Harm     .   (no gloves)
MR       .....                  (no boots)
Stlth    +.........             (no amulet)
HPRegen  0.26/turn              j - ring of attention (curse)
MPRegen  0.11/turn              (no ring)

@: no status effects
A: spit acid, unfitting armour, cold-blooded, acid resistance, AC +7
a: Breathe Acid, Heroism, Renounce Religion


You were on level 7 of the Dungeon.
You worshipped Okawaru.
Okawaru was aware of your devotion.
You were not hungry.

You visited 2 branches of the dungeon, and saw 9 of its levels.
You also visited: Sewer.

You collected 628 gold pieces.

Inventory:

Hand Weapons
 s - a +3 quarterstaff of chaos (weapon)
   (You took it off Crazy Yiuf on level 3 of the Dungeon)
Missiles
 c - 13 boomerangs
 u - 5 atropa-tipped darts
 C - 11 poisoned darts (quivered)
Armour
 b - a +0 cloak (worn)
 A - a +0 pair of gloves of archery
   (You found it on level 6 of the Dungeon)
Magical Staves
 r - an uncursed staff of wizardry {unknown}
   (You found it on level 3 of the Dungeon)
 y - an uncursed staff of death {unknown}
   (You found it on level 5 of the Dungeon)
Jewellery
 j - a cursed ring of attention (left hand)
   (You found it on level 2 of the Dungeon)
 k - a cursed -4 ring of protection {unknown}
   (You found it on level 2 of the Dungeon)
 l - an uncursed ring of protection from cold {unknown}
   (You found it on level 3 of the Dungeon)
Wands
 B - a wand of paralysis (8)
   (You found it on level 6 of the Dungeon)
Scrolls
 a - 2 scrolls of identify
 m - a scroll of enchant weapon {unknown}
 n - 2 scrolls of blinking {unknown}
 o - 8 scrolls of teleportation {unknown}
 p - 2 scrolls of fog {unknown}
 w - a scroll of random uselessness {unknown}
 x - a scroll of fear {unknown}
 D - a scroll of enchant armour {unknown}
 E - a scroll of remove curse
 H - a scroll of magic mapping {unknown}
 I - a scroll of immolation {unknown}
Potions
 e - a potion of ambrosia {unknown}
 g - a potion of cancellation
 h - 3 potions of flight
 i - 5 potions of heal wounds {unknown}
 q - 2 potions of brilliance {unknown}
 t - a potion of curing
 v - a potion of lignification {unknown}
 z - 3 potions of might {unknown}
 G - a potion of magic {unknown}
Comestibles
 f - 11 rations


   Skills:
 + Level 14.4 Fighting
   Level 2.0 Short Blades
 - Level 1.7 Throwing
 - Level 0.8 Dodging
 - Level 3.6 Stealth


You had 8 spell levels left.
You didn't know any spells.
Your spell library contained the following spells:

 Spells                   Type           Power        Failure   Level  Hunger
 Foxfire                  Conj/Fire      #...         28%         1    ##.....
 Conjure Flame            Conj/Fire      #.......     65%         3    ####...
 Inner Flame              Hex/Fire       #.......     65%         3    ####...
 Sticky Flame             Conj/Fire      #.......     96%         4    #####..
 Fireball                 Conj/Fire      #.........   100%        5    ######.


Dungeon Overview and Level Annotations

Branches:
Dungeon (8/15)             Temple (1/1) D:4           Sewer (visited)
   Lair: D:8-11

Altars:
Ashenzari
Cheibriados
Dithmenos
Elyvilon
Fedhas
Gozag
Hepliaklqana
Kikubaaqudgha
Makhleb
Okawaru
Qazlal
Ru
Sif Muna
Trog
Uskayaw
Vehumet
Wu Jian
Xom
Yredelemnul
Zin
The Shining One


Innate Abilities, Weirdness & Mutations

You can spit globs of acid.
Your golden yellow scales are hard. (AC +7)
You cannot fit into any form of body armour.
You are cold-blooded and may be slowed by cold attacks.
You are resistant to acid. (rCorr)


Message History

Can't find anything matching that.
Okay, then.
An ogre comes into view. It is wielding a +0 giant club.
The ogre shouts!
A worker ant zombie comes into view.
Health restored: 96
There are monsters nearby!
There are monsters nearby!
There are monsters nearby!
Throwing (i - inventory)
C - 14 poisoned darts (quivered)
Aim: an ogre, wielding a +0 giant club You throw a poisoned dart.
The poisoned dart barely misses the ogre.
A two-headed ogre comes into view. It is wielding two +0 giant clubs.
Throwing (i - inventory)
C - 13 poisoned darts (quivered)
Aim: an ogre, wielding a +0 giant club You throw a poisoned dart.
The poisoned dart hits the ogre.
The ogre is poisoned.
The two-headed ogre shouts in stereo!
Throwing (i - inventory)
C - 12 poisoned darts (quivered)
Aim: an ogre, wielding a +0 giant club (poisoned)
You throw a poisoned dart. The poisoned dart hits the ogre.
The ogre looks even sicker.
You hit the ogre. The ogre hits you with a +0 giant club!
You take 10 damage, and have 86/96 hp.
You thump the ogre! The ogre barely misses you.
You hit the ogre.
You kill the ogre!
Okawaru accepts your kill. The worker ant zombie bites you.
The worker ant zombie barely misses you.
You take 4 damage, and have 82/96 hp.
The two-headed ogre barely misses you. The two-headed ogre misses you.
You see here a +0 giant spiked club.
There is a stone staircase leading down here.
Throwing (i - inventory)
C - 11 poisoned darts (quivered)
Aim: a two-headed ogre, wielding two +0 giant clubs You throw a curare-tipped dart.
The curare-tipped dart barely misses the two-headed ogre.
The two-headed ogre barely misses you.
The two-headed ogre hits you with a +0 giant club!
You take 8 damage, and have 78/96 hp.
Throwing (i - inventory)
C - 11 poisoned darts (quivered)
Aim: a two-headed ogre, wielding two +0 giant clubs (chance to blind on hit: 3%)
You throw an atropa-tipped dart.
The atropa-tipped dart hits the two-headed ogre.
The two-headed ogre resists.
Aim: a two-headed ogre, wielding two +0 giant clubs You spit a glob of acid.
The glob of acid hits the two-headed ogre!
The two-headed ogre is splashed with acid.
The acid corrodes the two-headed ogre!
The two-headed ogre is splashed with acid.
The two-headed ogre seems to be corroded for longer.
You feel somewhat more hungry.
The two-headed ogre hits you with a +0 giant club!
The two-headed ogre hits you with a +0 giant club!!
You take 43 damage, and have 36/96 hp.
MASSIVE DAMAGE!!
The two-headed ogre barely misses you.
The two-headed ogre hits you with a +0 giant club!
* * * LOW HITPOINT WARNING * * *
Things that are here:
a +0 shortbow; 10 arrows You take 15 damage, and have 23/96 hp.
You see here 2 arrows.
You see here 4 arrows.
You have got your breath back.
There is a stone staircase leading up here.
You can't go down here!
The worker ant zombie bites you but does no damage.
You climb upwards.
There is a stone staircase leading down here.
You start resting.
You are near starving!
You regained 10 hp, and now have 35/96 hp.
You start resting.
You are starving!
You regained 46 hp, and now have 81/96 hp.
You eat one of the 12 rations.
That ration really hit the spot!
Done exploring.
Health restored: 96 Done exploring.
Done exploring.
Done exploring.
There is a stone staircase leading down here.
You climb downwards.
The two-headed ogre hits you with a +0 giant club!!
The two-headed ogre hits you with a +0 giant club!
The worker ant zombie bites you but does no damage.
The two-headed ogre hits you with a +0 giant club!! x2
* * * LOW HITPOINT WARNING * * *
There is a stone staircase leading up, spattered with blood here.
You take 80 damage, and have 16/96 hp.
MASSIVE DAMAGE!!
The worker ant zombie bites you but does no damage.
You climb upwards.
There is a stone staircase leading down here.
The two-headed ogre hits you with a +0 giant club!!
You die...

#.....)#..#####..........#.......
#......##.....#..........#......#
#......######.#..........#......#
#.......# #.#..........#....#(#
#.......# #.#..........#..<.#..
#......## #.#########..#..#.#..
#......#### #........#####..#.+..
#.........##########........#....
#.......#.......@>#.....###.#....
#....####....####O#.....###.#....
#....# #....# #.#.......#.#....
#....# #....# #.'.......#.#....
#....# #....# #.#.....###.#####
#....# #....# #.#.....###.....#
#....# #....# #.#.......#####.#
#....############.#...........#.#
#...รท.............#.....##....#.#


You could see a two-headed ogre.

Vanquished Creatures
  Pikel (D:8)
  The ghost of coolio the Covered, a novice DsFi (D:5)
  A sky beast (D:7)
  An orc warrior (D:6)
  An ice beast (D:8)
  3 phantoms
  A slave (D:8)
  A necrophage (D:2)
  2 centaurs (D:8)
  4 ogres
  A big kobold (Sewer)
  3 bullfrogs
  3 scorpions
  6 killer bees (D:7)
  A howler monkey (D:5)
  2 crimson imps (D:6)
  Crazy Yiuf (D:3)
  2 orc priests
  Jessica (D:3)
  3 iguanas
  3 orc wizards
  4 worker ants
  A hound skeleton (D:8)
  7 gnolls
  9 adders
  2 river rats (Sewer)
  An ooze (D:4)
  3 worms (D:2)
  2 dart slugs
  3 leopard geckos
  8 orcs
  15 giant cockroaches
  7 hobgoblins
  4 jackals (D:1)
  13 kobolds
  2 quokkas
  A ball python (D:2)
  A ball python skeleton (D:4)
  5 bats
  4 frilled lizards
  12 goblins
  A leopard gecko skeleton (D:6)
  A quokka skeleton (D:6)
  13 rats
  A fungus (D:3)
162 creatures vanquished.

Vanquished Creatures (others)
  A slave (D:8)
  A centaur (D:8)
  An orc (D:6)
  5 toadstools (D:5)
8 creatures vanquished.

Grand Total: 170 creatures vanquished

Notes
Turn   | Place    | Note
-------+----------+-------------------------------------------
     0 | D:1      | moonlapse the Draconian Assassin began the quest for the
                  | Orb.
     0 | D:1      | Reached XP level 1. HP: 17/17 MP: 1/1
    74 | D:1      | Reached skill level 3 in Fighting
    74 | D:1      | Reached XP level 2. HP: 10/26 MP: 2/2
    81 | D:1      | HP: 6/26 [gnoll/cursed +0 club (1)]
   686 | D:1      | Reached XP level 3. HP: 21/33 MP: 3/3
   705 | D:1      | Reached skill level 4 in Fighting
  1488 | D:2      | Found a blossoming altar of Fedhas.
  1545 | D:2      | Reached XP level 4. HP: 37/41 MP: 4/4
  1753 | D:2      | Found a shimmering altar of Xom.
  1782 | D:2      | Reached skill level 5 in Fighting
  2111 | D:2      | Noticed a necrophage
  2121 | D:2      | Killed a necrophage
  2121 | D:2      | Reached skill level 6 in Fighting
  2121 | D:2      | Reached XP level 5. HP: 43/50 MP: 5/5
  2435 | D:2      | Found a snail-covered altar of Cheibriados.
  2522 | D:2      | Found an opulent altar of Gozag.
  2606 | D:2      | Found a sacrificial altar of Ru.
  3193 | D:3      | Found a glowing golden altar of the Shining One.
  3300 | D:3      | Noticed Jessica
  3323 | D:3      | Killed Jessica
  3323 | D:3      | Reached skill level 7 in Fighting
  3323 | D:3      | Reached XP level 6. HP: 52/60 MP: 6/6
  3610 | D:3      | Found a runed translucent door.
  3611 | D:3      | Noticed Crazy Yiuf
  3624 | D:3      | Killed Crazy Yiuf
  3806 | D:4      | Found a shadowy altar of Dithmenos.
  3991 | D:4      | Found a staircase to the Ecumenical Temple.
  4000 | Temple   | Entered the Ecumenical Temple
  4076 | D:4      | Reached skill level 8 in Fighting
  4196 | D:4      | Found a glowing drain.
  4224 | Sewer    | Entered a sewer
  4349 | Sewer    | Your scales start taking on a golden yellow colour.
  4349 | Sewer    | Reached XP level 7. HP: 67/69 MP: 7/7
  4349 | Sewer    | Gained mutation: You are resistant to acid. (rCorr) [Yellow
                  | Draconian growth]
  4373 | Sewer    | Found a white marble altar of Elyvilon.
  5016 | D:5      | Entered Level 5 of the Dungeon
  5047 | D:5      | Reached skill level 9 in Fighting
  5201 | D:5      | Found a glowing silver altar of Zin.
  5445 | D:5      | Found a burning altar of Makhleb.
  5450 | D:5      | Found a runed translucent door.
  5452 | D:5      | Noticed coolio's ghost (novice DsFi)
  5500 | D:5      | Killed coolio's ghost
  5500 | D:5      | Reached skill level 10 in Fighting
  5500 | D:5      | Reached XP level 8. HP: 63/81 MP: 8/8
  6059 | D:6      | Reached skill level 11 in Fighting
  6174 | D:6      | HP: 15/82 [something (16)]
  6886 | D:6      | Reached skill level 12 in Fighting
  7160 | D:6      | Found a glowing silver altar of Zin.
  8036 | D:7      | Reached XP level 9. HP: 70/92 MP: 9/9
  8236 | D:7      | Found an iron altar of Okawaru.
  8257 | D:7      | Became a worshipper of Warmaster Okawaru
  8698 | D:7      | Reached skill level 13 in Fighting
  9660 | D:8      | Noticed Pikel
  9666 | D:8      | Killed Pikel
  9666 | D:8      | Reached * piety under Okawaru
  9666 | D:8      | Reached skill level 14 in Fighting
 10317 | D:8      | Noticed a two-headed ogre
 10350 | D:8      | HP: 23/96 [two-headed ogre/+0 giant club (15)]
 10632 | D:8      | HP: 16/96 [two-headed ogre/+0 giant club (22)]
 10635 | D:7      | Slain by a two-headed ogre

Illustrated notes

Levels and vault maps discovered:
D:1:      evilmike_arrival_fibonacci_small, layout_loops_ring
D:2:      layout_loops_corners, nicolae_overflow_hidden_temple,
          nicolae_overflow_quartered_altars
D:3:      minmay_roachtagon, layout_loops_ring, tso_oasis_becter,
          minmay_misc_feat_chi, uniq_crazy_yiuf_cottage, uniq_jessica
D:4:      layout_cave_pods, minmay_temple_entry_slanted, gup_sewer_entry_glass,
          first_ration, nicolae_dithmenos_through_a_glass_darkly
D:5:      layout_cave_pods, kennysheep_mini, zin_statuary,
          ebering_ghost_reflecting_pool, minmay_gold_behind_fungi
D:6:      layout_loops_ring, basic_altar
D:7:      layout_gridville, okawaru_altar_gauntlet_db, serial_co_window_serial,
          co_window_corner_a, co_window_paths_b, co_window_cross_1,
          co_window_paths_b, co_window_paths_a, co_window_corner_b,
          co_window_broadway_a, co_window_corner_b, co_window_unsneaky_path_e,
          co_window_of_opportunity_b, co_window_broadway_c, co_window_corner_ca,
          co_window_paths_d
D:8:      layout_layer_cave, serial_shops, kennysheep_mini_moat, uniq_maggie,
          uniq_pikel, uniq_erica
Temple:   nicolae_temple_x_marks_the_god

Skill      XL: |  1  2  3  4  5  6  7  8  9 |
---------------+----------------------------+-----
Fighting       | 3 4 6 7 8 10 12 14 | 14.4
Short Blades   | |  2.0
Throwing       | |  1.7
Dodging        | |  0.8
Stealth        | |  3.6

Action                   |  1- 3 |  4- 6 |  7- 9 || total
-------------------------+-------+-------+-------++-------
Melee: Dagger            |   108 |   174 |       ||   282
       Tailslap          |     7 |    41 |    15 ||    63
       Quarterstaff      |       |    55 |   172 ||   227
       Short sword       |       |    21 |       ||    21
Throw: Dart              |       |       |   170 ||   170
 Abil: Breathe Acid      |       |       |     5 ||     5
  Use: Scroll            |     2 |     1 |       ||     3
       Potion            |       |     2 |     1 ||     3
 Stab: Sleeping          |     5 |     1 |       ||     6
       Paralysed         |       |       |     2 ||     2
  Eat: Chunk             |     2 |     9 |    15 ||    26
       Ration            |       |       |     2 ||     2
Armor: Skin              |    36 |    73 |    80 ||   189
Dodge: Dodged            |    62 |   129 |   121 ||   312

Levels and vault maps discovered:
D:1:      evilmike_arrival_fibonacci_small, layout_loops_ring
D:2:      layout_loops_corners, nicolae_overflow_hidden_temple,
          nicolae_overflow_quartered_altars
D:3:      minmay_roachtagon, layout_loops_ring, tso_oasis_becter,
          minmay_misc_feat_chi, uniq_crazy_yiuf_cottage, uniq_jessica
D:4:      layout_cave_pods, minmay_temple_entry_slanted, gup_sewer_entry_glass,
          first_ration, nicolae_dithmenos_through_a_glass_darkly
D:5:      layout_cave_pods, kennysheep_mini, zin_statuary,
          ebering_ghost_reflecting_pool, minmay_gold_behind_fungi
D:6:      layout_loops_ring, basic_altar
D:7:      layout_gridville, okawaru_altar_gauntlet_db, serial_co_window_serial,
          co_window_corner_a, co_window_paths_b, co_window_cross_1,
          co_window_paths_b, co_window_paths_a, co_window_corner_b,
          co_window_broadway_a, co_window_corner_b, co_window_unsneaky_path_e,
          co_window_of_opportunity_b, co_window_broadway_c, co_window_corner_ca,
          co_window_paths_d
D:8:      layout_layer_cave, serial_shops, kennysheep_mini_moat, uniq_maggie,
          uniq_pikel, uniq_erica
Temple:   nicolae_temple_x_marks_the_god

Table legend:
 A = Turns spent in this place as a percentage of turns spent in the entire game.
 B = Non-inter-level travel turns spent in this place as a percentage of non-inter-level travel turns spent in the entire game.
 C = Inter-level travel turns spent in this place as a percentage of turns spent in this place.
 D = Turns resting spent in this place as a percentage of non-inter-level travel turns spent in this place.
 E = Turns spent auto-exploring this place as a percentage of non-inter-level travel turns spent in this place.
 F = Non-inter-level travel turns spent in this place divided by the number of levels of this place that you've seen.
                   A       B       C       D       E      F
               +-------+-------+-------+-------+-------+----------------------
         Total | 100.0 | 100.0 |   1.7 |  33.2 |  51.0 | 1045.0
       Dungeon |  97.2 |  97.2 |   1.8 |  33.4 |  51.4 | 1269.2
        Temple |   0.5 |   0.5 |   0.0 |   0.0 |  41.2 |  51.0
         Sewer |   2.3 |   2.3 |   0.0 |  30.2 |  32.7 | 245.0
               +-------+-------+-------+-------+-------+----------------------

Table legend:
 A = Kills in this place as a percentage of kills in entire the game.
 B = Kills by you in this place as a percentage of kills by you in the entire game.
 C = Kills by friends in this place as a percentage of kills by friends in the entire game.
 D = Other kills in this place as a percentage of other kills in the entire game.
 E = Experience gained in this place as a percentage of experience gained in the entire game.
 F = Experience gained in this place divided by the number of levels of this place that you have seen.
                   A       B       C       D       E      F
               +-------+-------+-------+-------+-------+----------------------
         Total | 100.0 | 100.0 |   N/A |   N/A | 100.0 | 472.0
       Dungeon |  94.4 |  94.4 |   N/A |   N/A |  97.1 | 572.6
         Sewer |   5.6 |   5.6 |   N/A |   N/A |   2.9 | 139.0
               +-------+-------+-------+-------+-------+----------------------
